Map: Frost LE

Players

Drager

  • Race: Protoss Protoss
  • League: Master

Stephano - Winner!

  • Race: Zerg Zerg
  • League: Master

VOD

https://www.youtube.com/channel/UCcSgNfDNxvyisU-eCj9xyNg/playlists

Description

Time

  • Played on: Aug. 28, 2016, 3:48 a.m.
  • Length: 10:26
Show
View Real Time Build Order
Export as new Build Order

Drager Protoss 

Build Orders: 1 Gate Expand, Mass Adepts 

Get SALT Encoding   

  12  0:00  Probe (Chrono Boost)  
  13  0:11  Probe (Chrono Boost)  
  14  0:18  Pylon  
  14  0:22  Probe (Chrono Boost)  
  15  0:36  Probe (Chrono Boost)  
  15  0:38  Gateway  
  16  0:47  Probe (Chrono Boost), Assimilator  
  17  0:57  Probe (Chrono Boost)  
  18  1:08  Probe (Chrono Boost)  
  20  1:23  Nexus  
  20  1:24  Probe (Chrono Boost)  
  20  1:34  Cybernetics Core  
  20  1:39  Probe (Chrono Boost)  
  21  1:44  Assimilator  
  21  1:49  Probe (Chrono Boost)  
  21  1:54  Pylon  
  22  2:00  Probe (Chrono Boost)  
  23  2:08  Adept  
  23  2:11  Warp Gate  
  26  2:16  Probe (Chrono Boost)  
  26  2:28  Probe (Chrono Boost)  
  27  2:31  Stalker  
  27  2:32  Twilight Council  
  29  2:38  Probe (Chrono Boost)  
  29  2:40  Probe (Chrono Boost)  
  31  2:48  Probe (Chrono Boost)  
  33  2:52  Probe (Chrono Boost)  
  33  2:56  Robotics Facility  
  33  2:58  Resonating Glaives  
  33  2:59  Probe (Chrono Boost)  
  33  3:04  Probe (Chrono Boost)  
  35  3:09  Probe (Chrono Boost)  
  36  3:16  Probe (Chrono Boost)  
  38  3:20  Probe (Chrono Boost)  
  39  3:28  Probe (Chrono Boost)  
  39  3:30  Probe (Chrono Boost)  
  40  3:37  Gateway x2  
  40  3:39  Gateway  
  40  3:41  Gateway  
  40  3:42  Gateway  
  40  3:47  Gateway  
  40  3:52  Gateway  
  40  3:58  Gateway  
  40  3:59  Warp Prism  
  40  4:08  Probe (Chrono Boost)  
  44  4:10  Probe (Chrono Boost)  
  44  4:12  Pylon  
  44  4:20  Pylon  
  44  4:21  Pylon  
  44  4:29  Pylon  
  44  4:33  Adept x3  
  50  4:48  Pylon  
  50  4:57  Adept  
  50  4:58  Adept x5  
  62  5:00  Adept  
  64  5:12  Adept  
  64  5:18  Adept x4  
  64  5:19  Adept  
  60  5:24  Adept  
  56  5:34  Adept x3  
  50  5:45  Adept x3  
  50  5:46  Adept x2  
  50  5:53  Warp Prism  
  46  5:58  Probe x2 (Chrono Boost)  
  48  6:07  Adept x3  
  48  6:09  Adept  
  52  6:13  Adept  
  52  6:15  Adept  
  56  6:19  Adept  
  56  6:22  Adept  
  60  6:34  Adept x4  
  66  6:56  Adept x5  
  66  6:57  Adept x2  
  80  7:19  Adept x4  
  74  7:40  Adept x6  
  64  7:59  Adept x2  
  58  8:23  Adept x8  
  64  8:47  Adept x8  
  80  8:58  Probe (Chrono Boost)  
  80  8:59  Probe (Chrono Boost), Assimilator  
  80  9:00  Assimilator  
  83  9:10  Pylon x2  
  83  9:11  Probe (Chrono Boost)  
  81  9:30  Adept x2  
  81  9:31  Adept x6  
  93  9:42  Probe (Chrono Boost)  
  80  10:06  Adept x8  
Show
View Real Time Build Order
Export as new Build Order

Stephano Zerg - Winner!

Build Orders: Hatch First 

Get SALT Encoding   

  12  0:01  Drone  
  13  0:12  Drone  
  14  0:19  Overlord  
  14  0:34  Drone, Extractor  
  14  0:37  Drone  
  16  0:45  Drone  
  17  0:54  Hatchery  
  17  0:56  Drone  
  17  1:09  Drone  
  18  1:16  Spawning Pool  
  18  1:17  Drone  
  18  1:29  Drone  
  19  1:40  Drone  
  20  1:52  Drone  
  21  1:56  Extractor  
  21  2:01  Hatchery  
  19  2:02  Drone  
  19  2:04  Queen  
  19  2:08  Queen  
  24  2:12  Drone  
  24  2:15  Drone  
  26  2:27  Overlord  
  26  2:29  Drone x2  
  28  2:43  Overlord  
  28  2:45  Queen  
  28  2:47  Zergling x2  
  28  2:48  Zergling x2  
  32  2:55  Drone x2  
  34  3:06  Drone x2  
  34  3:12  Drone x3  
  39  3:13  Drone x2  
  41  3:22  Queen  
  41  3:27  Drone x3, Extractor  
  45  3:31  Metabolic Boost  
  45  3:32  Drone x2  
  47  3:38  Queen  
  49  3:44  Overlord  
  49  3:53  Baneling Nest  
  48  3:56  Roach Warren  
  48  3:58  Drone x3  
  50  4:03  Drone  
  50  4:04  Drone x2  
  50  4:05  Drone x2  
  55  4:15  Zergling x6  
  55  4:17  Overlord  
  58  4:19  Spore Crawler  
  56  4:29  Overlord  
  56  4:31  Overlord  
  56  4:33  Drone  
  56  4:36  Drone x3  
  56  4:38  Roach x2  
  64  4:41  Baneling x2  
  64  4:46  Baneling x2  
  64  4:48  Overlord, Roach  
  64  4:50  Roach x3  
  64  4:51  Roach  
  74  5:04  Roach x3  
  77  5:15  Zergling x2  
  77  5:16  Zergling x22  
  77  5:21  Evolution Chamber x2  
  86  5:24  Ravager  
  84  5:29  Roach x2  
  84  5:31  Zergling x2  
  87  5:39  Drone x2  
  81  5:50  Drone x2  
  81  5:52  Drone x2  
  81  5:53  Drone  
  81  5:55  Drone x2  
  81  5:56  Zerg Ground Armor Level 1, Zerg Melee Weapons Level 1  
  80  6:04  Drone x4  
  80  6:05  Drone  
  84  6:11  Extractor  
  83  6:22  Drone x5  
  83  6:25  Lair  
  88  6:26  Overlord  
  88  6:29  Drone  
  88  6:30  Hatchery, Drone  
  88  6:32  Ravager  
  89  6:34  Ravager  
  89  6:36  Overlord x2  
  89  6:37  Overlord  
  90  6:42  Spine Crawler  
  89  6:50  Zergling x16  
  89  6:51  Zergling x2  
  98  6:58  Roach x4  
  98  6:59  Roach x2  
  110  7:02  Queen  
  106  7:12  Roach x2  
  106  7:13  Roach x2  
  106  7:14  Baneling  
  95  7:33  Zergling x2  
  95  7:34  Zergling x20  
  101  7:48  Drone x7  
  101  7:50  Queen  
  91  8:03  Drone x3  
  90  8:10  Drone  
  90  8:11  Drone x6  
  93  8:13  Drone  
  86  8:21  Roach  
  86  8:22  Roach x2  
  85  8:30  Roach x2  
  85  8:31  Roach x3  
  91  8:36  Zergling x8  
  95  8:51  Zergling x12  
  101  9:05  Drone x4  
  101  9:06  Drone x2  
  101  9:09  Baneling x3  
  105  9:32  Zergling x2  
  105  9:33  Zergling x18  
  105  9:38  Spine Crawler  
  114  9:39  Queen  
  114  9:42  Baneling x2  
  114  9:43  Baneling x2  
  114  9:57  Zergling x2  
  114  9:58  Zergling x16  
  114  10:06  Drone x2  
  110  10:15  Spine Crawler  
  110  10:16  Spine Crawler  
Tags
 
Add a new tag
Caveats
  • Supply blocks, unpowered buildings, or Contaminate may cause inaccurate times.
  • Supply counts are checked every 10 seconds.